 Dungeon Crawl Stone Soup version 0.30.1-3-gfc49f6343a (webtiles) character file.

Game seed: 9870589030656133554

11623 Almogavar the Severer (level 11, -17/101 HPs)
             Began as a Hill Orc Fighter on July 26, 2023.
             Was an Elder of Makhleb.
             Demolished by an orc warlord
             ... wielding a +0 war axe
              (28 damage)
             ... on level 1 of the Orcish Mines.
             The game lasted 00:29:14 (10833 turns).

Almogavar the Severer (Hill Orc Fighter)           Turns: 10833, Time: 00:29:15

Health: -17/101    AC: 19    Str: 30    XL:     11   Next: 80%
Magic:  12/12      EV:  9    Int:  8    God:    Makhleb [****..]
Gold:   1277       SH: 10    Dex: 10    Spells: 10/10 levels left

rFire   + . .        a - +0 war axe
rCold   . . .        c - +0 buckler
rNeg    + . .        P - +1 chain mail {rF+}
rPois   .            y - +0 helmet
rElec   .            q - +2 cloak {rCorr}
rCorr   +            (no gloves)
SInv    .            z - +0 pair of boots
Will    .....        m - amulet of reflection Stlth
                     e - ring of positive energy
HPRegen 0.36/turn    j - +6 ring of strength
MPRegen 0.13/turn

%: reflection
@: mighty
A: no striking features
a: Renounce Religion, Minor Destruction, Lesser Servant of Makhleb, Major
Destruction


You were on level 1 of the Orcish Mines.
You worshipped Makhleb.
Makhleb was greatly pleased with you.
You visited 3 branches of the dungeon, and saw 13 of its levels.

You collected 1277 gold pieces.

Inventory:

Hand Weapons
 a - a +0 war axe (weapon)
 p - a +4 quarterstaff of chaos
 E - a +1 hand axe of flaming
 O - a +2 vampiric hand axe
Missiles
 A - a throwing net (quivered)
Armour
 b - a +1 plate armour of fire resistance
 c - a +0 buckler (worn)
 q - a +2 cloak of preservation (worn)
 y - a +0 helmet (worn)
 z - a +0 pair of boots (worn)
 P - a +1 chain mail of fire resistance (worn)
Magical Staves
 i - a staff of conjuration
Jewellery
 e - a ring of positive energy (left hand)
 g - a ring of positive energy
 j - a +6 ring of strength (right hand)
 m - an amulet of reflection (around neck)
 r - a ring of magical power
 u - a ring of wizardry
 x - a ring of magical power
 F - a ring of positive energy
 K - an amulet of guardian spirit
 N - an amulet of magic regeneration
Wands
 C - a wand of iceblast (29)
 H - a wand of paralysis (1)
 I - a wand of polymorph (2)
 M - a wand of flame (15)
Scrolls
 h - 2 scrolls of enchant weapon
 o - 2 scrolls of fog
 w - 4 scrolls of amnesia
 D - 5 scrolls of teleportation {unknown}
 G - a scroll of butterflies {unknown}
 L - a scroll of silence {unknown}
Potions
 f - 4 potions of flight
 k - 2 potions of brilliance
 l - a potion of haste
 s - a potion of heal wounds
 t - 4 potions of curing
 v - 3 potions of resistance
 B - a potion of cancellation {unknown}
 J - a potion of ambrosia {unknown}


   Skills:
 + Level 10.9 Fighting
 - Level 16.9 Axes
 + Level 10.0 Armour
 - Level 5.3 Shields
 * Level 2.6 Invocations
 + Level 0.2 Evocations


You had 10 spell levels left.
You didn't know any spells.
Your spell library contained the following spells:

 Spells                   Type           Power      Damage    Failure   Level
 Kiss of Death            Conj/Necr      0%         2d5       86%         1
 Shock                    Conj/Air       0%         1d3       86%         1
 Slow                     Hex            0%         N/A       86%         1
 Confusing Touch          Hex            0%         N/A       99%         3
 Swiftness                Air            0%         N/A       99%         3
 Vampiric Draining        Necr           0%         2d6       99%         3
 Airstrike                Air            0%         2d(0-16)  100%        4
 Dispel Undead            Necr           0%         3d6       100%        4


Dungeon Overview and Level Annotations

Branches:
Dungeon (10/15)            Temple (1/1) D:6             Orc (2/2) D:10
   Lair: D:8-11         Elf: Orc:2

Altars:
Cheibriados
Elyvilon
Gozag
Hepliaklqana
Makhleb
Nemelex Xobeh
Uskayaw
Wu Jian
Beogh

Shops:
D:6 **   D:7 =


Message History

The orc warlord is lightly wounded.
You hit the orc warlord but do no damage.
The orc warlord is lightly wounded.
The orc warlord hits you but does no damage.
You slash the orc warlord!
The orc warlord is lightly wounded.
The orc warlord hits you but does no damage.
The orc warlord blocks your attack.
The orc warlord is lightly wounded.
You hit the orc warlord.
The orc warlord is lightly wounded.
The orc warlord hits you with a +0 war axe!!
You feel very mighty all of a sudden.
The orc warlord hits you with a +0 war axe!
You slash the orc warlord!
The orc warlord is moderately wounded.
The orc warlord hits you with a +0 war axe!
Unknown command.
You hit the orc warlord but do no damage.
The orc warlord is moderately wounded.
The orc warlord hits you with a +0 war axe.
You slice the orc warlord!!
The orc warlord is heavily wounded.
The orc warlord blocks your attack.
The orc warlord is heavily wounded.
The orc warlord hits you with a +0 war axe.
You slice the orc warlord!!
The orc warlord is severely wounded.
The orc warlord hits you with a +0 war axe.
* * * LOW HITPOINT WARNING * * *
The orc warlord blocks your attack.
The orc warlord is severely wounded.
The orc warlord blocks your attack.
The orc warlord is severely wounded.
The orc warlord hits you with a +0 war axe!!
* * * LOW HITPOINT WARNING * * *
The orc warlord blocks your attack.
The orc warlord is severely wounded.
The orc warlord hits you with a +0 war axe!!
You die...

#####.####..###. ### ###
######### ##
##.#########.#######.## #
#...#.##..#...##.##...# #
##................##.##
#............##.###.##
##.....#.#...........##
##.........[.........#.##
#.........o@[...........#
#.........)[)...#...##.##
##.................#####
##.##............##
#####.......#..##
#........#### ##........#
##........## #.....#....#


You could see an orc warlord.

Vanquished Creatures
  2 two-headed ogres (D:10)
  Psyche (D:9)
  An unseen horror (D:10)
  A troll (Orc:1)
  Sigmund (D:5)
  19 yaks
  A wraith (D:9)
  2 vampire mosquitoes (D:9)
  A steam dragon (D:6)
  A warg (Orc:2)
  4 water moccasins
  14 orc warriors
  A black bear (D:8)
  2 ice beasts
  5 ogres
  6 centaurs
  2 phantoms
  A kobold brigand (D:7)
  Blork the orc (D:4)
  A gnoll sergeant (D:10)
  4 scorpions
  13 wights
  10 killer bees (D:8)
  6 howler monkeys
  8 orc priests
  3 hounds
  2 jellies
  Crazy Yiuf (D:2)
  An iguana (D:6)
  4 sleepcaps
  Natasha (thrice) (D:2)
  13 orc wizards
  9 adders
  9 gnolls
  A dart slug (D:1)
  49 orcs
  5 bats
  4 endoplasms
  2 giant cockroaches
  9 goblins
  5 hobgoblins
  2 jackals (D:1)
  4 quokkas
  8 ball pythons
  4 frilled lizards
  12 kobolds
  5 rats
263 creatures vanquished.

Vanquished Creatures (collateral kills)
  An orc warrior (Orc:1)
1 creature vanquished.

Grand Total: 264 creatures vanquished

Notes
Turn   | Place    | Note
-------+----------+-------------------------------------------
     0 | D:1      | Almogavar the Hill Orc Fighter began the quest for the Orb.
     0 | D:1      | Reached XP level 1. HP: 19/19 MP: 1/1
    65 | D:1      | Reached XP level 2. HP: 27/27 MP: 2/2
   242 | D:1      | Reached skill level 3 in Axes
   263 | D:1      | Reached XP level 3. HP: 30/33 MP: 3/3
   791 | D:2      | Found a runed translucent door.
   792 | D:2      | Noticed Crazy Yiuf
   925 | D:2      | Noticed Natasha
   930 | D:2      | Killed Natasha
   931 | D:2      | Reached skill level 4 in Axes
   931 | D:2      | Reached XP level 4. HP: 40/40 MP: 4/4
  1095 | D:2      | Noticed Natasha
  1101 | D:2      | Killed Natasha
  1360 | D:2      | Noticed Natasha
  1365 | D:2      | Killed Natasha
  1366 | D:2      | Reached XP level 5. HP: 39/47 MP: 5/5
  1480 | D:2      | Killed Crazy Yiuf
  1481 | D:2      | Reached skill level 5 in Axes
  1824 | D:3      | HP: 2/47 [hobgoblin (1)]
  1858 | D:3      | HP: 2/47 [poisoned by an adder]
  1932 | D:3      | Reached XP level 6. HP: 16/53 MP: 6/6
  2639 | D:4      | Reached skill level 6 in Axes
  2688 | D:4      | Reached skill level 5 in Armour
  2778 | D:4      | Found an ornate altar of the Wu Jian Council.
  2907 | D:4      | Reached XP level 7. HP: 60/60 MP: 7/7
  3431 | D:5      | Entered Level 5 of the Dungeon
  3431 | D:5      | Noticed Blork the orc
  3444 | D:4      | Killed Blork the orc
  3445 | D:4      | Reached skill level 7 in Axes
  3502 | D:5      | Reached skill level 5 in Fighting
  3768 | D:5      | Noticed Sigmund
  3777 | D:5      | Killed Sigmund
  3778 | D:5      | Reached skill level 8 in Axes
  3778 | D:5      | Reached skill level 5 in Shields
  3778 | D:5      | Reached XP level 8. HP: 68/69 MP: 8/8
  4103 | D:5      | Found a white marble altar of Elyvilon.
  4198 | D:5      | Reached skill level 9 in Axes
  4493 | D:6      | Found Wefejed's General Store.
  4601 | D:6      | Found a staircase to the Ecumenical Temple.
  4633 | Temple   | Entered the Ecumenical Temple
  4674 | Temple   | Became a worshipper of Makhleb the Destroyer
  4980 | D:6      | Reached skill level 10 in Axes
  5003 | D:6      | Found Feepak's Overcharged Wands.
  5306 | D:6      | Reached XP level 9. HP: 42/78 MP: 9/9
  5665 | D:7      | Reached skill level 11 in Axes
  6217 | D:7      | Found Ohyny's Jewellery Shop.
  6289 | D:7      | Reached skill level 12 in Axes
  6389 | D:8      | Reached * piety under Makhleb
  6844 | D:8      | Reached skill level 13 in Axes
  6909 | D:8      | Reached XP level 10. HP: 88/88 MP: 10/10
  6934 | D:8      | Found a snail-covered altar of Cheibriados.
  6957 | D:8      | Found a hazy altar of Hepliaklqana.
  7322 | D:9      | Paralysed by a centaur for 5 turns
  7383 | D:9      | Reached skill level 14 in Axes
  7384 | D:9      | Reached ** piety under Makhleb
  7830 | D:9      | Noticed Psyche
  7844 | D:9      | Reached skill level 15 in Axes
  7849 | D:9      | Killed Psyche
  8146 | D:10     | Entered Level 10 of the Dungeon
  8243 | D:10     | Noticed a two-headed ogre
  8257 | D:10     | Killed a two-headed ogre
  8258 | D:10     | Reached XP level 11. HP: 96/97 MP: 11/11
  8340 | D:10     | Reached skill level 16 in Axes
  8511 | D:10     | Reached *** piety under Makhleb
  8767 | D:10     | Reached skill level 10 in Fighting
  8862 | D:10     | Found a staircase to the Orcish Mines.
  8924 | D:10     | Noticed a two-headed ogre
  8936 | D:10     | Killed a two-headed ogre
  9539 | Orc:1    | Entered Level 1 of the Orcish Mines
  9909 | Orc:1    | Reached skill level 1 in Invocations
 10084 | Orc:2    | Entered Level 2 of the Orcish Mines
 10325 | Orc:2    | Reached **** piety under Makhleb
 10556 | Orc:2    | Found a roughly hewn altar of Beogh.
 10571 | Orc:2    | Noticed an orc warlord
 10616 | Orc:1    | Reached skill level 10 in Armour
 10833 | Orc:1    | Demolished by an orc warlord

Illustrated notes

Levels and vault maps discovered:
D:1:      erik_arrival_triangle_medium, layout_loops_ring,
          minmay_small_reverse_x
D:2:      layout_loops_cross, chequers_serial_rivers_small_b,
          hangedman_decor_points, uniq_crazy_yiuf_cottage, uniq_natasha
D:3:      layout_loops_ring
D:4:      layout_loops_ring, nicolae_overflow_crystal_walls, serial_rivers,
          chequers_serial_rivers_micro_b, chequers_serial_rivers_small_b,
          chequers_serial_rivers_micro_e, chequers_serial_rivers_micro_e,
          chequers_serial_rivers_marsh, chequers_serial_rivers_room_a
D:5:      layout_cave_pods, elyvilon_altar_5, dk_rats_in_the_wall,
          uniq_blork_the_orc, uniq_sigmund
D:6:      layout_basic, minmay_temple_entry_grid, nicolae_inconvenience_store,
          nicolae_shop_overcharged_wands
D:7:      layout_gridville, serial_shops, nicolae_shop_real_fake_doors
D:8:      layout_rooms, mainiacjoe_overflow_large_starburst,
          chequers_serial_rivers_micro_d
D:9:      layout_loops_ring, uniq_psyche, uniq_erolcha
D:10:     layout_stronghold, david_orc_4, eino_tiny_chamber
Temple:   dpeg_five_rooms_temple
Orc:1:    layout_caves
Orc:2:    grunt_orc_cross, layout_caves, basic_altar

Skill      XL: |  1  2  3  4  5  6  7  8  9 10 11 |
---------------+----------------------------------+-----
Fighting       | 4 5 6 7 9 10 | 10.9
Axes           | 3 4 5 6 8 10 13 15 16 | 16.9
Armour         | 4 5 6 7 9 10 | 10.0
Shields        | 4 5 |  5.3
Invocations    | 2 |  2.6
Evocations     | |  0.2

Action                     |  1- 3 |  4- 6 |  7- 9 | 10-12 || total
---------------------------+-------+-------+-------+-------++-------
  Melee: War axe           |    86 |   132 |   281 |   370 ||   869
 Invoke: Lesser Servant of |       |       |       |     1 ||     1
  Evoke: Wand              |       |       |       |     1 ||     1
    Use: Potion            |       |     6 |     1 |     2 ||     9
         Scroll            |       |     2 |     6 |     3 ||    11
   Stab: Paralysed         |       |       |       |     4 ||     4
         Distracted        |       |       |       |     1 ||     1
 Armour: Scale mail        |    33 |    60 |   114 |    94 ||   301
         Skin              |       |    10 |       |       ||    10
         Chain mail        |       |       |       |    12 ||    12
  Dodge: Dodged            |    42 |    60 |   123 |   122 ||   347
  Block: Buckler           |    20 |    42 |   162 |   151 ||   375
         Reflection        |       |       |     6 |     9 ||    15
